AoeStats
← ĐẠI ĐÔ ĐỐC MẠNH ĐẠT

Arabia

516958395Analyzed
1v1 RM · 7d ago on Oct 28, 2026· 26m 16s· 2 players
Game mode
Random Map
Map size
Tiny (2 player)
Population
200
Speed
Normal
Resources
Standard
Victory
Conquest
Starting age
Dark Age
Ending age
Imperial Age
RankedLock teamsTeams togetherTeam positionsShared explorationLock speedFull tech treeHidden civsTurbo modeCheats
Victory
Defeat
1764
+13
vs
🇳🇴 Saxons · Norway
1701
-13
erikolu
6:06 Loom
8:49 Feudal Age
8:58 Man-at-Arms
10:38 Double-Bit Axe
10:39 Horse Collar
19:37 Scale Mail Armor
21:59 Arson
26:18 Castle Age
24:50 Padded Archer Armor
25:14 Fletching
ĐẠI ĐÔ ĐỐC MẠNH ĐẠT
6:02 Loom
8:57 Feudal Age
9:28 Double-Bit Axe
14:57 Fletching
16:28 Padded Archer Armor
23:18 Castle Age
21:43 Gold Mining
21:34 Horse Collar
23:56 Bodkin Arrow
Connection lost

Rejoining the realm…

Still unreachable

The connection could not be restored.

Session expired

The server has moved on; the page needs a fresh start.